 Dungeon Crawl Stone Soup version 0.31-a0-542-gdc2a67831c (webtiles) character file.

Game seed: 7896089134455516681

1262 arthad the Twirler (level 8, -4/58 HPs)
             Began as a Gnoll Wanderer on Aug 14, 2023.
             Was an Initiate of Gozag.
             Slain by an ogre
             ... wielding a +0 giant spiked club
              (35 damage)
             ... on level 6 of the Dungeon.
             The game lasted 00:16:13 (6604 turns).

arthad the Twirler (Gnoll Wanderer)                 Turns: 6604, Time: 00:16:13

Health: -4/58      AC:  6    Str:  9    XL:     8   Next: 52%
Magic:  20/23      EV: 12    Int: 19    God:    Gozag
Gold:   306        SH:  0    Dex: 15    Spells: 8/16 levels left

rFire   . . .        a - +0 quarterstaff
rCold   . . .        (shield currently unavailable)
rNeg    . . .        i - +0 leather armour
rPois   .            k - +1 helmet
rElec   .            (no cloak)
rCorr   .            (no gloves)
SInv    .            (no boots)
Will    .....        (no amulet)
Stlth   ++           f - +6 ring of intelligence
HPRegen 0.29/turn    w - ring of magical power
MPRegen 0.18/turn

%: no passive effects
@: no status effects
A: fangs 1, strong nose, distributed training
a: Renounce Religion, Potion Petition, Call Merchant, Bribe Branch


You were on level 6 of the Dungeon.
You worshipped Gozag.
Gozag was aware of your devotion.
You visited 2 branches of the dungeon, and saw 7 of its levels.
You also visited: Ossuary.

You collected 386 gold pieces.
You paid 80 gold pieces to Gozag.

Inventory:

Hand Weapons
 a - a +0 quarterstaff (weapon)
Missiles
 v - 5 javelins
Armour
 b - a +0 scale mail
 i - a +0 leather armour (worn)
 k - a +1 helmet (worn)
 t - a +0 kite shield
Magical Staves
 A - a staff of death
Jewellery
 f - a +6 ring of intelligence (left hand)
 m - a ring of ice
 w - a ring of magical power (right hand)
Wands
 n - a wand of digging (9)
 s - a wand of flame (14)
 y - a wand of light (7)
Scrolls
 e - a scroll of silence
 g - a scroll of enchant weapon
 h - a scroll of amnesia
 l - a scroll of vulnerability
 o - 2 scrolls of poison {unknown}
 r - 2 scrolls of fog {unknown}
 u - 2 scrolls of identify
 B - a scroll of fear {unknown}
Potions
 c - 2 potions of mutation
 d - a potion of haste
 j - 2 potions of curing
 p - a potion of brilliance
 q - 5 potions of heal wounds
 x - 2 potions of might {unknown}
 z - 2 potions of invisibility {unknown}


   Skills:
 + Level 3.4 Fighting
 + Level 3.4 Short Blades
 + Level 3.4 Long Blades
 + Level 3.4 Axes
 + Level 3.4 Maces & Flails
 + Level 3.4 Polearms
 + Level 7.4 Staves
 + Level 3.4 Ranged Weapons
 + Level 3.4 Throwing
 + Level 5.8 Armour
 + Level 3.4 Dodging
 + Level 3.4 Stealth
 + Level 3.4 Shields
 + Level 3.4 Unarmed Combat
 + Level 4.5 Spellcasting
 + Level 2.8 Conjurations
 + Level 2.8 Hexes
 + Level 2.8 Summonings
 + Level 2.8 Necromancy
 + Level 2.8 Translocations
 + Level 2.8 Transmutations
 + Level 2.8 Fire Magic
 + Level 2.8 Ice Magic
 + Level 2.8 Air Magic
 + Level 2.8 Earth Magic
 + Level 6.2 Poison Magic
 + Level 3.7 Invocations
 + Level 4.3 Evocations
 + Level 2.8 Shapeshifting


You had 8 spell levels left.
You knew the following spells:

 Your Spells              Type           Power      Damage    Failure   Level
a - Sting                 Tmut/Pois      84%        1d7       2%          1
b - Cigotuvi's Dreadful   Necr/Pois/Air  38%        N/A       5%          2
c - Mephitic Cloud        Conj/Pois/Air  19%        N/A       11%         3
d - Blink                 Tloc           28%        N/A       9%          2

Your spell library contained the following spells:

 Spells                   Type           Power      Damage    Failure   Level
 Apportation              Tloc           28%        N/A       5%          1
 Freeze                   Ice            56%        1d7       5%          1
 Lesser Beckoning         Tloc           28%        N/A       9%          2
 Momentum Strike          Conj/Tloc      28%        3d8       9%          2
 Frozen Ramparts          Ice            28%        1d5       16%         3
 Gell's Gravitas          Tloc           14%        N/A       16%         3
 Hailstorm                Conj/Ice       14%        3d5       16%         3
 Summon Guardian Golem    Hex/Summ       14%        N/A       16%         3
 Teleport Other           Tloc           14%        N/A       16%         3
 Alistair's Intoxication  Tmut/Pois      14%        N/A       58%         5
 Orb of Destruction       Conj           7%         9d6       100%        7
 Spellforged Servitor     Conj/Summ      7%         N/A       100%        7


Dungeon Overview and Level Annotations

Branches:
Dungeon (6/15)             Temple (1/1) D:5         Ossuary (visited)

Altars:
Ashenzari
Cheibriados
Dithmenos
Elyvilon
Fedhas
Gozag
Hepliaklqana
Kikubaaqudgha
Makhleb
Nemelex Xobeh
Okawaru
Qazlal
Ru
Sif Muna
Trog
Uskayaw
Wu Jian
Zin
The Shining One


Innate Abilities, Weirdness & Mutations

You have very sharp teeth.
Your uncanny sense of smell can sniff out nearby items.
Your experience applies equally to all skills.


Message History

Nothing appears to happen.
The iguana hisses angrily.
The sting hits the iguana.
The iguana is poisoned.
The iguana is lightly wounded.
The sting hits the iguana.
The iguana looks even sicker.
The iguana is heavily wounded.
The iguana hisses menacingly.
The iguana misses you.
The sting misses the iguana.
The iguana bites you.
The sting hits the iguana.
The iguana looks even sicker.
The iguana is severely wounded.
The iguana closely misses you.
The sting hits the iguana.
The iguana looks as sick as possible!
The iguana is severely wounded.
You kill the iguana!
You can't see any susceptible monsters within range! (Use Z to cast anyway.)
Your magical contamination has completely faded away.
HP restored.
Magic restored.
You now have 306 gold pieces (gained 6).
An ogre comes into view. It is wielding a +0 giant spiked club.
An ogre is nearby!
An ogre is nearby!
The ogre shouts!
You can't see any susceptible monsters within range! (Use Z to cast anyway.)
The sting hits the ogre.
The ogre is poisoned.
The ogre is lightly wounded.
The sting hits the ogre.
The ogre looks even sicker.
The ogre is moderately wounded.
The sting hits the ogre!
The ogre looks even sicker.
The ogre is heavily wounded.
The ogre hits you with a +0 giant spiked club!!
You barely miss the ogre.
The ogre is heavily wounded.
You sock the ogre!
The ogre is severely wounded.
The ogre hits you with a +0 giant spiked club!!
Ouch! That really hurt!
You die...
Your body crumbles into a pile of gold.

###+#####...
#...........
#...........
#...........
#.....>...#
#...?.....#
#.........#
##.........#
#...@......#
#...O.##############
#.....# #..........
##.....# #..........
+..##'## #..........
##.##.#####..........
#............<.......
#..##.#####..........
#.. #.# #..).......


You could see an ogre (very poisoned).

Vanquished Creatures
  2 water moccasins (D:5)
  A black bear (D:3)
  An ice beast (D:5)
  A phantom (D:5)
  2 human zombies (Ossuary)
  2 hounds
  3 orc priests
  Ijyb (D:3)
  Jessica (D:2)
  4 iguanas
  Terence (D:2)
  2 orc wizards
  2 mummies (Ossuary)
  Robin (D:2)
  4 gnolls (D:5)
  13 adders
  An ufetubus (D:5)
  3 adder zombies (Ossuary)
  2 worms
  A dart slug (D:3)
  16 orcs
  4 bats
  14 endoplasms
  6 giant cockroaches
  7 goblins
  13 hobgoblins
  6 kobolds
  2 quokkas (D:2)
  10 ball pythons
  3 frilled lizards
  11 hobgoblin zombies (Ossuary)
  11 kobold zombies (Ossuary)
  5 orc zombies (Ossuary)
  4 rats
  4 rat zombies (Ossuary)
164 creatures vanquished.

Notes
Turn   | Place    | Note
-------+----------+-------------------------------------------
     0 | D:1      | arthad the Gnoll Wanderer began the quest for the Orb.
     0 | D:1      | arthad set off with the following items: a +0 quarterstaff,
                  | a +0 scale mail, a potion of mutation; and the following
                  | spell memorised: Sting; and the following spells available
                  | to memorise: Cigotuvi's Dreadful Rot, Mephitic Cloud.
     0 | D:1      | Reached XP level 1. HP: 13/13 MP: 4/4
   205 | D:1      | Reached XP level 2. HP: 11/19 MP: 5/5
   620 | D:2      | Noticed Robin
   645 | D:2      | Killed Robin
   646 | D:2      | Reached XP level 3. HP: 19/25 MP: 0/7
   651 | D:2      | Reached skill level 1 in Invocations
   879 | D:2      | Reached skill level 1 in Fighting
   879 | D:2      | Reached skill level 1 in Short Blades
   879 | D:2      | Reached skill level 1 in Long Blades
   879 | D:2      | Reached skill level 1 in Axes
   879 | D:2      | Reached skill level 1 in Maces & Flails
   879 | D:2      | Reached skill level 1 in Polearms
   879 | D:2      | Reached skill level 1 in Ranged Weapons
   879 | D:2      | Reached skill level 1 in Throwing
   879 | D:2      | Reached skill level 1 in Dodging
   879 | D:2      | Reached skill level 1 in Stealth
   879 | D:2      | Reached skill level 1 in Shields
   879 | D:2      | Reached skill level 1 in Unarmed Combat
   884 | D:2      | Noticed Terence
   898 | D:2      | Killed Terence
   899 | D:2      | Reached XP level 4. HP: 13/32 MP: 1/8
  1098 | D:2      | Noticed Jessica
  1107 | D:2      | Killed Jessica
  1108 | D:2      | Reached skill level 1 in Conjurations
  1108 | D:2      | Reached skill level 1 in Hexes
  1108 | D:2      | Reached skill level 1 in Summonings
  1108 | D:2      | Reached skill level 1 in Necromancy
  1108 | D:2      | Reached skill level 1 in Translocations
  1108 | D:2      | Reached skill level 1 in Transmutations
  1108 | D:2      | Reached skill level 1 in Fire Magic
  1108 | D:2      | Reached skill level 1 in Ice Magic
  1108 | D:2      | Reached skill level 1 in Air Magic
  1108 | D:2      | Reached skill level 1 in Earth Magic
  1108 | D:2      | Reached skill level 1 in Shapeshifting
  1113 | D:2      | Learned a level 2 spell: Cigotuvi's Dreadful Rot
  1117 | D:2      | Learned a level 3 spell: Mephitic Cloud
  1216 | D:2      | Reached XP level 5. HP: 37/37 MP: 7/9
  1977 | D:3      | Noticed a black bear
  2005 | D:3      | Killed a black bear
  2006 | D:3      | Reached skill level 5 in Armour
  2006 | D:3      | Reached XP level 6. HP: 17/44 MP: 0/11
  2635 | D:3      | Noticed Ijyb
  2649 | D:3      | Killed Ijyb
  3343 | D:4      | Reached skill level 7 in Staves
  3343 | D:4      | Reached XP level 7. HP: 42/50 MP: 5/12
  4299 | D:5      | Entered Level 5 of the Dungeon
  4565 | D:5      | Found a sacrificial altar of Ru.
  4566 | D:5      | Found a stormy altar of Qazlal.
  4679 | D:5      | Found a sand-covered staircase.
  4684 | Ossuary  | Entered an ossuary
  4807 | Ossuary  | Learned a level 2 spell: Blink
  5436 | D:5      | Found a staircase to the Ecumenical Temple.
  5479 | Temple   | Entered the Ecumenical Temple
  5485 | Temple   | Became a worshipper of Gozag Ym Sagoz the Greedy
  5544 | D:5      | Reached XP level 8. HP: 32/58 MP: 8/14
  6056 | D:5      | Found an iron altar of Okawaru.
  6317 | D:5      | Found a shimmering blue altar of Sif Muna.
  6604 | D:6      | Slain by an ogre

Illustrated notes

Levels and vault maps discovered:
D:1:      psy_arrival_terrarium, layout_rooms
D:2:      layout_basic, minmay_snake_closets, uniq_terence, uniq_jessica,
          uniq_robin
D:3:      layout_basic, minmay_misc_feat_pillars, uniq_ijyb
D:4:      layout_loops_ring
D:5:      layout_basic, mainiacjoe_overflow_six_doors_small,
          kennysheep_little_box, nicolae_overflow_squiral,
          minmay_temple_entry_poolview, nicolae_ossuary_entry_plus,
          minmay_misc_feat_room, hangedman_glass_teeth, minivault_26,
          kennysheep_doodads
D:6:      layout_basic
Temple:   nicolae_temple_bog_church

Skill      XL: |  1  2  3  4  5  6  7 |
---------------+----------------------+-----
Invocations    | 1 2 3 |  3.7
Fighting       | 1 2 3 |  3.4
Short Blades   | 1 2 3 |  3.4
Long Blades    | 1 2 3 |  3.4
Axes           | 1 2 3 |  3.4
Maces & Flails | 1 2 3 |  3.4
Polearms       | 1 2 3 |  3.4
Ranged Weapons | 1 2 3 |  3.4
Throwing       | 1 2 3 |  3.4
Dodging        | 1 2 3 |  3.4
Stealth        | 1 2 3 |  3.4
Shields        | 1 2 3 |  3.4
Unarmed Combat | 1 2 3 |  3.4
Spellcasting   | 3 4 |  4.5
Conjurations   | 1 2 |  2.8
Hexes          | 1 2 |  2.8
Summonings     | 1 2 |  2.8
Necromancy     | 1 2 |  2.8
Translocations | 1 2 |  2.8
Transmutations | 1 2 |  2.8
Fire Magic     | 1 2 |  2.8
Ice Magic      | 1 2 |  2.8
Air Magic      | 1 2 |  2.8
Earth Magic    | 1 2 |  2.8
Shapeshifting  | 1 2 |  2.8
Evocations     | 3 4 |  4.3
Armour         | 5 |  5.8
Staves         | 7 |  7.4
Poison Magic   | 6 |  6.2

Action                     |  1- 3 |  4- 6 |  7- 9 || total
---------------------------+-------+-------+-------++-------
  Melee: Quarterstaff      |    60 |    30 |   186 ||   276
         Bite              |     5 |     2 |    18 ||    25
  Throw: Javelin           |       |       |     5 ||     5
   Cast: Sting             |    18 |   134 |   163 ||   315
         Mephitic Cloud    |       |     1 |     3 ||     4
         Cigotuvi's Dreadf |       |     1 |     4 ||     5
         Blink             |       |       |     1 ||     1
  Evoke: Wand              |       |       |     3 ||     3
    Use: Scroll            |       |       |     6 ||     6
         Potion            |       |       |     5 ||     5
   Stab: Sleeping          |     2 |       |       ||     2
 Armour: Scale mail        |     7 |       |       ||     7
         Leather armour    |    11 |    20 |    62 ||    93
  Dodge: Dodged            |    32 |    45 |   118 ||   195

Table legend: (Time is in decaauts)
 A = Elapsed time spent in this place.
 B = Non-inter-level travel time spent in this place.
 C = Inter-level travel time spent in this place.
 D = Time resting spent in this place.
 E = Time spent auto-exploring this place.
 F = Levels seen in this place.
 G = Mean time per level.
                   A        B        C        D        E       F      G
               +--------+--------+--------+--------+--------+-----+--------+
         Total |   6577 |   6482 |     95 |    505 |   4617 |   8 |  822.1 |
       Dungeon |   5840 |   5755 |     85 |    378 |   4316 |   6 |  973.3 |
        Temple |     12 |      2 |     10 |      0 |      0 |   1 |   12.0 |
       Ossuary |    724 |    724 |      0 |    126 |    301 |   1 |  724.0 |
               +--------+--------+--------+--------+--------+-----+--------+

Top non-repeatable levels by time:
     D:5: 1476 daAuts
     D:2: 1375 daAuts
     D:3: 1313 daAuts
     D:4: 1101 daAuts
 Ossuary: 724 daAuts
     D:1: 505 daAuts
     D:6: 68 daAuts
  Temple: 12 daAuts
